 Dungeon Crawl Stone Soup version 0.31-a0-344-gd109795599 (webtiles) character file.

Game seed: 5938471986454263640

8574 Arzdou the Cleaver (level 11, -6/89 HPs)
             Began as a Gnoll Cinder Acolyte on July 21, 2023.
             Was an Initiate of Ru.
             Mangled by a fire elemental (7 damage)
             ... created by the fiery vengeance of Ignis
             ... on level 10 of the Dungeon.
             The game lasted 00:23:13 (12008 turns).

Arzdou the Cleaver (Gnoll Cinder Acolyte)          Turns: 12008, Time: 00:23:14

Health: -6/89      AC: 19    Str: 18    XL:     11   Next: 33%
Magic:  20/21      EV: 11    Int: 21    God:    Ru [......]
Gold:   637        SH:  0    Dex:  8    Spells: 22/24 levels left

rFire   . . .        D - +4 war axe (freeze)
rCold   . . .        (no shield)
rNeg    + . .        o - +5 scale mail "Tedghi" {Str+3}
rPois   +            b - +0 helmet
rElec   .            Q - +2 ratskin cloak {*Rats rPois rN+ Str-1 Int-1 Dex+1}
rCorr   .            (no gloves)
SInv    .            (no boots)
Will    .....        F - amulet of the acrobat
Stlth   ++           u - ring of protection from fire
HPRegen 0.34/turn    q - +6 ring of intelligence
MPRegen 0.17/turn

%: acrobat
@: about to teleport, fire susceptible
A: fangs 1, strong nose, distributed training, iridescent scales 1
a: Renounce Religion


You were on level 10 of the Dungeon.
You worshipped Ru.
Ru was noncommittal.
You visited 2 branches of the dungeon, and saw 12 of its levels.
You also visited: Bailey.

You collected 637 gold pieces.

Inventory:

Hand Weapons
 a - a -1 hand axe of flaming
 D - a +4 war axe of freezing (weapon)
Missiles
 O - 3 curare-tipped darts
Armour
 b - a +0 helmet (worn)
 o - the +5 scale mail "Tedghi" (worn) {Str+3}
   (You found it on level 5 of the Dungeon)

   Str:       It affects your strength (+3).
 Q - the +2 ratskin cloak (worn) {*Rats rPois rN+ Str-1 Int-1 Dex+1}
   (You found it in a bailey)

   *Rats:     When the wearer is hurt, rats may emerge from it to assist them.
   Str:       It affects your strength (-1).
   Int:       It affects your intelligence (-1).
   Dex:       It affects your dexterity (+1).
   rPois:     It protects you from poison.
   rN:        It protects you from negative energy.
 S - a +0 robe of fire resistance
Jewellery
 d - a ring of wizardry
 q - a +6 ring of intelligence (right hand)
 t - an amulet of faith
 u - a ring of protection from fire (left hand)
 v - a +5 ring of evasion
 w - a +6 ring of strength
 A - a ring of resist corrosion
 F - an amulet of the acrobat (around neck)
 N - a ring of ice
Wands
 B - a wand of flame (15)
 I - a wand of digging (2)
Scrolls
 c - 4 scrolls of vulnerability
 i - 2 scrolls of torment
 k - 3 scrolls of fear
 m - 3 scrolls of poison
 p - a scroll of summoning
 r - 2 scrolls of fog
 z - 2 scrolls of silence {unknown}
 C - 2 scrolls of enchant weapon {unknown}
 H - 3 scrolls of teleportation
 K - a scroll of enchant armour {unknown}
 P - a scroll of revelation {unknown}
Potions
 e - 4 potions of resistance {unknown}
 f - 3 potions of berserk rage {unknown}
 g - 4 potions of degeneration {unknown}
 h - 3 potions of ambrosia {unknown}
 j - a potion of lignification
 l - a potion of enlightenment
 n - a potion of curing
 E - a potion of haste {unknown}
 J - a potion of might {unknown}
 L - a potion of invisibility {unknown}
 M - a potion of brilliance {unknown}
Miscellaneous
 G - a tin of tremorstones (1/2)


   Skills:
 + Level 9.2 Fighting
 + Level 6.3 Short Blades
 + Level 6.3 Long Blades
 + Level 9.2 Axes
 + Level 6.3 Maces & Flails
 + Level 6.3 Polearms
 + Level 6.3 Staves
 + Level 6.3 Ranged Weapons
 + Level 6.3 Throwing
 + Level 6.3 Armour
 + Level 6.3 Dodging
 + Level 6.3 Stealth
 + Level 6.3 Shields
 + Level 6.3 Unarmed Combat
 + Level 7.0 Spellcasting
 + Level 5.2 Conjurations
 + Level 5.2 Hexes
 + Level 5.2 Summonings
 + Level 5.2 Necromancy
 + Level 5.2 Translocations
 + Level 5.2 Transmutations
 + Level 7.6 Fire Magic
 + Level 5.2 Ice Magic
 + Level 5.2 Air Magic
 + Level 5.2 Earth Magic
 + Level 5.2 Poison Magic
 + Level 6.9 Invocations
 + Level 6.3 Evocations
 + Level 5.2 Shapeshifting


You had 22 spell levels left.
You knew the following spells:

 Your Spells              Type           Power      Damage    Failure   Level
a - Scorch                Fire           78%        2d8       1%          2

Your spell library contained the following spells:

 Spells                   Type           Power      Damage    Failure   Level
 Sublimation of Blood     Necr           29%        N/A       4%          2
 Wereblood                Tmut           29%        N/A       4%          2
 Gell's Gravitas          Tloc           29%        N/A       9%          3
 Teleport Other           Tloc           29%        N/A       9%          3
 Dispersal                Tloc           14%        N/A       99%         6
 Summon Hydra             Summ           14%        N/A       100%        7


Dungeon Overview and Level Annotations

Branches:
Dungeon (11/15)            Temple (1/1) D:4          Bailey (visited)
   Lair: D:8-11         Orc: D:9-12

Altars:
Ashenzari
Cheibriados
Dithmenos
Elyvilon
Gozag
Hepliaklqana
Kikubaaqudgha
Makhleb
Nemelex Xobeh
Okawaru
Qazlal
Ru
Sif Muna
Trog
Uskayaw
Vehumet
Wu Jian
Xom
Yredelemnul
Zin
The Shining One

Shops:
D:4 !

Annotations:
D:5 2 runed translucent doors
D:10 3 runed translucent doors, mopl's ghost, journeyman OpSh


Innate Abilities, Weirdness & Mutations

You have very sharp teeth.
Your uncanny sense of smell can sniff out nearby items.
Your experience applies equally to all skills.
You are partially covered in iridescent scales. (AC +2)


Message History

Your hell rat closely misses the fire elemental.
You feel better. The fire elemental hits your hell rat.
The fire elemental burns your hell rat!
Your hell rat dies!
The fire elemental hits you. The fire elemental burns you!
* * * LOW HITPOINT WARNING * * *
The fire elemental barely misses you.
Okay, then.
The tremorstone explodes into fragments!
The burst of rock shards engulfs the fire elemental! x3
You destroy the fire elemental!
That felt strangely unrewarding.
The burst of rock shards engulfs you.
* * * LOW HITPOINT WARNING * * *
The burst of rock shards engulfs the fire elemental!!
You destroy the fire elemental!
That felt strangely unrewarding.
The burst of rock shards engulfs you but does no damage.
You start resting.
A howler monkey opens the door.
The howler monkey howls!
A howler monkey comes into view.
The howler monkey hoots and howls with incredible vigour! "With a thousand fires I burned cities, but these will suffice for you!" 3 fire elementals come into view.
There is an open door here.
The howler monkey hoots and howls with incredible vigour!
The fire elemental completely misses you.
The fire elemental completely misses you.
The howler monkey hoots and howls with incredible vigour!
The howler monkey hoots and howls with incredible vigour!
The fire elemental hits you. The fire elemental burns you!
* * * LOW HITPOINT WARNING * * *
The fire elemental hits you. The fire elemental burns you!
* * * LOW HITPOINT WARNING * * *
As you read the scroll labelled ETSADIEKLUPHOE, it crumbles to dust.
You feel strangely unstable.
It was a scroll of teleportation.
The fire elemental barely misses you. The fire elemental hits you.
* * * LOW HITPOINT WARNING * * *
The fire elemental burns you!
You die...

##...## ###.##
##.....## ###..))#
##...h...## ##.#.#))#
#.....h...####....#..##
+.......○.°............
#......○°○####.....#.##
##....☼°○## ##.#..#.#
##..EEE## ###....#
##..@## ##.### ##+##
#.# #.# ∆


You could see 3 fire elementals and 2 howler monkeys.

Vanquished Creatures
  Erica (D:8)
  An orc knight (Bailey)
  A deep elf pyromancer (Bailey)
  A rime drake (D:9)
  Psyche (D:9)
  2 trolls
  A shadow (D:10)
  6 yaks
  2 wyverns
  2 wraiths
  2 steam dragons
  2 fire elementals (D:10)
  An acid dragon (D:6)
  A water moccasin (D:8)
  4 ice beasts
  8 orc warriors (Bailey)
  A sky beast (D:8)
  A black bear (D:7)
  2 wolves (D:9)
  2 ogres
  2 centaurs
  2 bullfrogs
  A gnoll sergeant (D:6)
  4 scorpions
  3 wights (D:5)
  3 killer bees
  A howler monkey (D:8)
  2 jellies (D:5)
  5 hounds
  4 orc priests
  A sleepcap (D:6)
  12 orc wizards
  2 iguanas
  A mummy (D:7)
  4 gnolls (D:6)
  7 adders
  A white imp (D:6)
  2 worms
  3 dart slugs
  39 orcs
  2 ball pythons (D:1)
  7 endoplasms
  5 giant cockroaches
  8 goblins
  7 hobgoblins
  2 jackals (D:4)
  2 kobolds
  4 quokkas
  5 bats
  A frilled lizard (D:2)
  2 hobgoblin zombies (D:7)
  2 orc zombies (D:7)
  8 rats
196 creatures vanquished.

Vanquished Creatures (collateral kills)
  A two-headed ogre (D:9)
  An orc wizard (D:9)
  An orc (D:9)
  2 goblins (D:9)
5 creatures vanquished.

Vanquished Creatures (others)
  69 foxfires
69 creatures vanquished.

Grand Total: 270 creatures vanquished

Notes
Turn   | Place    | Note
-------+----------+-------------------------------------------
     0 | D:1      | Arzdou the Gnoll Cinder Acolyte began the quest for the
                  | Orb.
     0 | D:1      | Reached XP level 1. HP: 23/23 MP: 4/4
   152 | D:1      | Reached XP level 2. HP: 29/29 MP: 5/5
   155 | D:1      | Learned a level 2 spell: Scorch
   770 | D:1      | Reached XP level 3. HP: 35/35 MP: 4/7
  1359 | D:2      | Reached skill level 1 in Invocations
  1543 | D:2      | Reached skill level 1 in Short Blades
  1543 | D:2      | Reached skill level 1 in Long Blades
  1543 | D:2      | Reached skill level 1 in Maces & Flails
  1543 | D:2      | Reached skill level 1 in Polearms
  1543 | D:2      | Reached skill level 1 in Staves
  1543 | D:2      | Reached skill level 1 in Ranged Weapons
  1543 | D:2      | Reached skill level 1 in Throwing
  1543 | D:2      | Reached skill level 1 in Armour
  1543 | D:2      | Reached skill level 1 in Dodging
  1543 | D:2      | Reached skill level 1 in Stealth
  1543 | D:2      | Reached skill level 1 in Shields
  1543 | D:2      | Reached skill level 1 in Unarmed Combat
  1543 | D:2      | Reached skill level 1 in Evocations
  2203 | D:3      | Reached XP level 4. HP: 41/41 MP: 5/8
  2370 | D:3      | Noticed a scorpion
  2381 | D:3      | Killed a scorpion
  2382 | D:3      | Reached skill level 1 in Conjurations
  2382 | D:3      | Reached skill level 1 in Hexes
  2382 | D:3      | Reached skill level 1 in Summonings
  2382 | D:3      | Reached skill level 1 in Necromancy
  2382 | D:3      | Reached skill level 1 in Translocations
  2382 | D:3      | Reached skill level 1 in Transmutations
  2382 | D:3      | Reached skill level 1 in Ice Magic
  2382 | D:3      | Reached skill level 1 in Air Magic
  2382 | D:3      | Reached skill level 1 in Earth Magic
  2382 | D:3      | Reached skill level 1 in Poison Magic
  2382 | D:3      | Reached skill level 1 in Shapeshifting
  2382 | D:3      | Reached XP level 5. HP: 42/47 MP: 6/9
  3492 | D:4      | Reached XP level 6. HP: 25/53 MP: 4/11
  3639 | D:4      | Found a stormy altar of Qazlal.
  3716 | D:4      | Found a staircase to the Ecumenical Temple.
  3770 | Temple   | Entered the Ecumenical Temple
  4170 | D:4      | Found Gyenish's Distillery.
  4276 | D:4      | Reached XP level 7. HP: 59/59 MP: 5/12
  4385 | D:5      | Entered Level 5 of the Dungeon
  4675 | D:5      | Found a runed translucent door.
  4676 | D:5      | Noticed a vampire mosquito
  4677 | D:5      | Found a runed translucent door.
  4678 | D:5      | Noticed a vampire mosquito
  4706 | D:5      | Identified the +5 scale mail "Tedghi" {Str+3}
  5146 | D:5      | Reached XP level 8. HP: 57/67 MP: 14/14
  6818 | D:6      | Found an ornate altar of the Wu Jian Council.
  6954 | D:7      | Identified the +1 robe "Ufussanu" {Harm rPois}
  7022 | D:7      | Found a bloodstained altar of Trog.
  7077 | D:7      | Found an iron altar of Okawaru.
  7182 | D:7      | Reached XP level 9. HP: 48/73 MP: 16/16
  7390 | D:7      | Reached skill level 5 in Spellcasting
  7504 | D:7      | Found a radiant altar of Vehumet.
  7578 | D:7      | Found a burning altar of Makhleb.
  7621 | D:8      | Noticed Erica
  8125 | D:8      | Killed Erica
  8126 | D:8      | Reached skill level 5 in Invocations
  8492 | D:8      | Reached XP level 10. HP: 48/80 MP: 18/18
  8503 | D:8      | Reached skill level 5 in Short Blades
  8503 | D:8      | Reached skill level 5 in Long Blades
  8503 | D:8      | Reached skill level 5 in Maces & Flails
  8503 | D:8      | Reached skill level 5 in Polearms
  8503 | D:8      | Reached skill level 5 in Staves
  8503 | D:8      | Reached skill level 5 in Ranged Weapons
  8503 | D:8      | Reached skill level 5 in Throwing
  8503 | D:8      | Reached skill level 5 in Armour
  8503 | D:8      | Reached skill level 5 in Dodging
  8503 | D:8      | Reached skill level 5 in Stealth
  8503 | D:8      | Reached skill level 5 in Shields
  8503 | D:8      | Reached skill level 5 in Unarmed Combat
  8503 | D:8      | Reached skill level 5 in Evocations
  9152 | D:8      | Found a glowing silver altar of Zin.
  9191 | D:9      | Noticed Psyche
  9203 | D:9      | Killed Psyche
  9304 | D:9      | Noticed a two-headed ogre
  9710 | D:9      | Found a flagged portal.
  9748 | Bailey   | Entered a bailey
 10217 | Bailey   | Found a large runed translucent door.
 10217 | Bailey   | Found a large runed translucent door.
 10221 | Bailey   | Noticed a deep elf pyromancer
 10297 | Bailey   | Noticed an orc knight
 10317 | Bailey   | Killed an orc knight
 10521 | Bailey   | Found the +2 ratskin cloak {*Rats rPois rN+ Str-1 Int-1
                  | Dex+1}
 10558 | Bailey   | Gained mutation: You have extremely sharp teeth. [potion of
                  | mutation]
 10558 | Bailey   | Gained mutation: Armour fits poorly on your strangely
                  | shaped body. [potion of mutation]
 10558 | Bailey   | Gained mutation: You are dopey. (Int -2) [potion of
                  | mutation]
 10559 | Bailey   | Lost mutation: You are dopey. (Int -2) [potion of mutation]
 10559 | Bailey   | Lost mutation: You have extremely sharp teeth. [potion of
                  | mutation]
 10559 | Bailey   | Gained mutation: You expend magic power (3 MP) to
                  | strengthen your wands. [potion of mutation]
 10576 | Bailey   | Killed a deep elf pyromancer
 10577 | Bailey   | Reached XP level 11. HP: 29/87 MP: 16/20
 10897 | Bailey   | Identified the +0 cloak of Xinya {MP-9 Int+6}
 10910 | Bailey   | Lost mutation: Armour fits poorly on your strangely shaped
                  | body. [potion of mutation]
 10910 | Bailey   | Lost mutation: You expend magic power (3 MP) to strengthen
                  | your wands. [potion of mutation]
 10910 | Bailey   | Gained mutation: You are partially covered in iridescent
                  | scales. (AC +2) [potion of mutation]
 10980 | D:9      | Reached skill level 5 in Conjurations
 10980 | D:9      | Reached skill level 5 in Hexes
 10980 | D:9      | Reached skill level 5 in Summonings
 10980 | D:9      | Reached skill level 5 in Necromancy
 10980 | D:9      | Reached skill level 5 in Translocations
 10980 | D:9      | Reached skill level 5 in Transmutations
 10980 | D:9      | Reached skill level 5 in Ice Magic
 10980 | D:9      | Reached skill level 5 in Air Magic
 10980 | D:9      | Reached skill level 5 in Earth Magic
 10980 | D:9      | Reached skill level 5 in Poison Magic
 10980 | D:9      | Reached skill level 5 in Shapeshifting
 11002 | D:9      | Killed a two-headed ogre
 11319 | Temple   | Fell from the grace of Ignis
 11319 | Temple   | Became a worshipper of Ru the Awakened
 11497 | D:9      | Found a glowing golden altar of the Shining One.
 11514 | D:9      | You fall into a shaft and drop 2 floors!
 11659 | D:10     | Entered Level 10 of the Dungeon
 11804 | D:10     | Found a runed translucent gate.
 11806 | D:10     | Found a runed translucent gate.
 11806 | D:10     | Found a runed translucent gate.
 11807 | D:10     | Noticed mopl's ghost (journeyman OpSh)
 12007 | D:10     | HP: 2/89 [fire elemental[the fiery vengeance of Ignis]
                  | (12)]
 12008 | D:10     | Mangled by a fire elemental

Illustrated notes

Levels and vault maps discovered:
D:1:      amcnicky_arrival_blooded_trapdoor, layout_loops_ring, nrook_campfire
D:2:      layout_basic
D:3:      layout_basic
D:4:      layout_gridville, mainiacjoe_overflow_chevrons,
          minmay_temple_entry_junction_2, serial_shops, shop,
          reono_crystal_passage, kennysheep_small_square
D:5:      lemuel_insect_pit, layout_basic, serial_glass, glass_columns_a,
          glass_columns_a, glass_columns_b, glass_columns_b, glass_columns_a,
          glass_columns_c, gup_sewer_entry_spiral,
          hangedman_abyss_or_decor_slice
D:6:      kennysheep_big_flooded_room, layout_rooms, kennysheep_diamond
D:7:      layout_gridville, kennysheep_mini,
          mainiacjoe_overflow_large_starburst, mainiacjoe_overflow_alcove_4,
          minmay_mini_ossuary
D:8:      layout_loops_ring, zin_scriptorium, uniq_erica
D:9:      layout_basic, fedhas_altar_2, mainiacjoe_overflow_paths,
          hellmonk_lair_entry_icy, enter_bailey_5, minivault_27, uniq_psyche
D:10:     layout_loops_corners, ebering_ghost_rock_garden, jiyva_altar_1
D:11:     layout_basic
Temple:   minmay_temple_curvy_branch

Skill      XL: |  1  2  3  4  5  6  7  8  9 10 11 |
---------------+----------------------------------+-----
Invocations    | 1 2 3 4 5 6 |  6.9
Short Blades   | 1 2 3 4 5 6 |  6.3
Long Blades    | 1 2 3 4 5 6 |  6.3
Maces & Flails | 1 2 3 4 5 6 |  6.3
Polearms       | 1 2 3 4 5 6 |  6.3
Staves         | 1 2 3 4 5 6 |  6.3
Ranged Weapons | 1 2 3 4 5 6 |  6.3
Throwing       | 1 2 3 4 5 6 |  6.3
Armour         | 1 2 3 4 5 6 |  6.3
Dodging        | 1 2 3 4 5 6 |  6.3
Stealth        | 1 2 3 4 5 6 |  6.3
Shields        | 1 2 3 4 5 6 |  6.3
Unarmed Combat | 1 2 3 4 5 6 |  6.3
Evocations     | 1 2 3 4 5 6 |  6.3
Spellcasting   | 3 4 5 6 7 |  7.0
Conjurations   | 1 2 3 4 5 |  5.2
Hexes          | 1 2 3 4 5 |  5.2
Summonings     | 1 2 3 4 5 |  5.2
Necromancy     | 1 2 3 4 5 |  5.2
Translocations | 1 2 3 4 5 |  5.2
Transmutations | 1 2 3 4 5 |  5.2
Ice Magic      | 1 2 3 4 5 |  5.2
Air Magic      | 1 2 3 4 5 |  5.2
Earth Magic    | 1 2 3 4 5 |  5.2
Poison Magic   | 1 2 3 4 5 |  5.2
Shapeshifting  | 1 2 3 4 5 |  5.2
Fighting       | 7 8 9 |  9.2
Axes           | 7 8 9 |  9.2
Fire Magic     | 6 7 |  7.6

Action                     |  1- 3 |  4- 6 |  7- 9 | 10-12 || total
---------------------------+-------+-------+-------+-------++-------
  Melee: Hand axe          |    22 |    41 |    10 |       ||    73
         Bite              |     1 |     3 |    20 |    11 ||    35
         Punch             |     1 |     1 |     6 |     2 ||    10
         War axe           |       |       |   194 |   134 ||   328
   Cast: Scorch            |    35 |    35 |    14 |    59 ||   143
 Invoke: Foxfire Swarm     |       |     2 |     2 |     1 ||     5
         Fiery Armour      |       |     2 |     2 |     1 ||     5
  Evoke: Wand              |       |       |       |     1 ||     1
         Tin of tremorston |       |       |       |     1 ||     1
    Use: Scroll            |       |     4 |     1 |     7 ||    12
         Potion            |       |       |     3 |    10 ||    13
   Stab: Sleeping          |       |       |       |     1 ||     1
 Armour: Robe              |     3 |     7 |     6 |       ||    16
         Scale mail        |       |       |    90 |    79 ||   169
         Skin              |       |       |       |    38 ||    38
  Dodge: Dodged            |    14 |    23 |   130 |   102 ||   269

Table legend: (Time is in decaauts)
 A = Elapsed time spent in this place.
 B = Non-inter-level travel time spent in this place.
 C = Inter-level travel time spent in this place.
 D = Time resting spent in this place.
 E = Time spent auto-exploring this place.
 F = Levels seen in this place.
 G = Mean time per level.
                   A        B        C        D        E       F      G
               +--------+--------+--------+--------+--------+-----+--------+
         Total |  12095 |  11432 |    663 |   1628 |   8153 |  13 |  930.4 |
       Dungeon |  10830 |  10214 |    616 |   1165 |   7701 |  11 |  984.5 |
        Temple |     51 |      4 |     47 |      0 |      0 |   1 |   51.0 |
        Bailey |   1213 |   1213 |      0 |    463 |    452 |   1 | 1213.0 |
               +--------+--------+--------+--------+--------+-----+--------+

Top non-repeatable levels by time:
     D:5: 1633 daAuts
     D:8: 1493 daAuts
     D:3: 1276 daAuts
  Bailey: 1213 daAuts
     D:2: 1152 daAuts
     D:4: 1097 daAuts
     D:7: 1068 daAuts
     D:6: 1029 daAuts
     D:1: 890 daAuts
     D:9: 683 daAuts
    D:10: 349 daAuts
    D:11: 154 daAuts
  Temple: 51 daAuts
